 Dungeon Crawl Stone Soup version 0.30.1-9-gdf580d7c3d (webtiles) character file.

Game seed: 2375275206745905287

2191 booth the Chopper (level 9, -7/72 (74) HPs)
             Began as a Green Draconian Reaver on Oct 16, 2023.
             Mangled by a wight
             ... wielding a +3 hand axe
              (12 damage)
             ... on level 6 of the Dungeon.
             The game lasted 00:44:25 (6574 turns).

booth the Chopper (Green Draconian Reaver)          Turns: 6574, Time: 00:44:26

HP:   -7/72 (74)    AC:  7    Str: 15    XL:     9   Next: 12%
MP:   15/15         EV: 18    Int: 14    God:
Gold: 92            SH:  0    Dex: 13    Spells: 9/16 levels left

rFire   . . .        w - +3 hand axe
rCold   + . .        (no shield)
rNeg    + . .        (body armour unavailable)
rPois   +            (helmet restricted)
rElec   .            v - scarf of the Harp {shadows, rN+ Will+}
rCorr   .            (no gloves)
SInv    .            (no boots)
Will    +....        (no amulet)
Stlth   +            c - ring of protection from cold
HPRegen 0.32/turn    b - +5 ring of evasion
MPRegen 0.14/turn

%: no passive effects
@: lightly drained
A: breathe noxious fumes, AC +7, unfitting armour, poison resistance,
cold-blooded
a: Breathe Noxious Fumes


You were on level 6 of the Dungeon.
You visited 2 branches of the dungeon, and saw 7 of its levels.

You collected 342 gold pieces.
You spent 250 gold pieces at shops.

Inventory:

Hand Weapons
 d - a +3 whip of draining
 e - a +3 flail
 s - a +0 mace of draining
 w - a +3 hand axe (weapon)
Missiles
 j - 19 poisoned darts
 r - 5 atropa-tipped darts
 z - 5 boomerangs (quivered)
Armour
 i - a +1 cloak
 v - the scarf of the Harp (worn) {shadows, rN+ Will+}
   (You acquired it on level 4 of the Dungeon)

   rN:        It protects you from negative energy.
   Will:      It increases your willpower.
Jewellery
 b - a +5 ring of evasion (right hand)
 c - a ring of protection from cold (left hand)
 o - a +6 ring of intelligence
 y - a +4 ring of protection
Scrolls
 a - a scroll of vulnerability
 g - a scroll of teleportation
 l - a scroll of magic mapping
 q - a scroll of silence {unknown}
 t - a scroll of enchant weapon {unknown}
 x - a scroll of summoning {unknown}
Potions
 f - a potion of might
 h - 3 potions of attraction
 k - a potion of resistance
 m - a potion of lignification {unknown}
 p - a potion of brilliance {unknown}
 u - 2 potions of flight {unknown}
 A - a potion of degeneration {unknown}
Miscellaneous
 B - a piece from Xom's chessboard (15/15)


   Skills:
 + Level 5.2 Fighting
 * Level 7.1 Axes
 - Level 3.5 Dodging
 + Level 4.4 Spellcasting
 + Level 5.3 Conjurations
 - Level 1.8 Necromancy
 - Level 1.8 Translocations
 - Level 1.0 Transmutations
 + Level 3.4 Ice Magic
 + Level 3.1 Poison Magic


You had 9 spell levels left.
You knew the following spells:

 Your Spells              Type           Power      Damage    Failure   Level
a - Kiss of Death         Conj/Necr      52%        2d9       4%          1
b - Momentum Strike       Conj/Tloc      26%        3d8       6%          2
c - Hailstorm             Conj/Ice       15%        3d5       10%         3
d - Beastly Appendage     Tmut           12%        N/A       12%         1

Your spell library contained the following spells:

 Spells                   Type           Power      Damage    Failure   Level
 Ozocubu's Armour         Ice            12%        N/A       14%         3
 Wereblood                Tmut           6%         N/A       19%         2
 Dazzling Flash           Conj/Hex       20%        N/A       19%         3
 Spider Form              Tmut/Pois      8%         N/A       24%         3
 Volatile Blastmotes      Fire/Tloc      10%        2d10      36%         3
 Iskenderun's Mystic Bla  Conj/Tloc      13%        2d5       38%         4
 Ice Form                 Ice/Tmut       9%         N/A       58%         4
 Metabolic Englaciation   Hex/Ice        3%         N/A       95%         5
 Simulacrum               Ice/Necr       5%         N/A       100%        6
 Starburst                Conj/Fire      5%         6d4       100%        6


Dungeon Overview and Level Annotations

Branches:
Dungeon (6/15)             Temple (1/1) D:4

Altars:
Ashenzari
Cheibriados
Dithmenos
Fedhas
Gozag
Kikubaaqudgha
Makhleb
Nemelex Xobeh
Okawaru
Qazlal
Ru
Sif Muna
Uskayaw
Vehumet
Wu Jian
Yredelemnul
Zin
The Shining One

Shops:
D:2 =*(

Annotations:
D:4 1 runed translucent door, foxicus's ghost, amateur HOFi


Innate Abilities, Weirdness & Mutations

You can breathe blasts of noxious fumes.
Your lurid green scales are hard. (AC +7)
You cannot fit into any form of body armour.
Your system is resistant to poisons. (rPois)
You are cold-blooded and may be slowed by cold attacks.


Message History

The acid dragon completely misses you. The acid dragon closely misses you.
You hit the acid dragon but do no damage.
You tail-slap the acid dragon.
The acid dragon is moderately wounded.
You barely miss the wight. You hit the wight. The wight barely misses you.
The acid dragon bites you!
The acid dragon claws you but does no damage.
The wight barely misses you.
You hit the acid dragon but do no damage.
The acid dragon is moderately wounded.
You hit the wight but do no damage. You hit the wight.
The wight closely misses you. The wight hits you with a +3 hand axe.
You partially resist.
You feel drained. The acid dragon barely misses you.
The acid dragon closely misses you. The wight closely misses you.
You barely miss the acid dragon.
The acid dragon is moderately wounded.
You hit the wight but do no damage. x2; The wight misses you.
A wight comes into view. It is wielding a +4 great sword.
The wight misses you. The acid dragon bites you.
* * * LOW HITPOINT WARNING * * *
The acid dragon claws you.
* * * LOW HITPOINT WARNING * * *
The wight hits you but does no damage.
You closely miss the acid dragon.
The acid dragon is moderately wounded.
You closely miss the wight. You barely miss the wight.
You hit the wight but do no damage. The wight barely misses you.
The wight closely misses you. The wight hits you with a +3 hand axe!
* * * LOW HITPOINT WARNING * * *
You partially resist.
You feel drained.
* * * LOW HITPOINT WARNING * * *
The acid dragon misses you.
The acid dragon claws you but does no damage.
The wight closely misses you.
You slash the acid dragon!
The acid dragon is severely wounded.
You hit the wight but do no damage. You completely miss the wight.
You hit the wight but do no damage. The wight misses you.
The wight barely misses you. The wight hits you with a +3 hand axe!
You die...

##....)........#.
#.##)##)........ #.
#)##.......# #..# #
#.##........###...$
#.##.....#...#...#
..##.....# .z)..#
.####.....###z#$##
## #.###.##zDz..#
#.#...#.z@#
#.#.#....##
#.#.#...#####. ..#
#......... ###
##..#)####..##
..####..#.# ...
#.#.....#.# ##
.....#..#.# #
#.#..#..#.#


You could see an acid dragon and 5 wights.

Vanquished Creatures
  Grinder (D:3)
  A water moccasin (D:5)
  An ice beast (D:5)
  A sky beast (D:6)
  2 black bears (D:5)
  A centaur (D:6)
  3 ogres
  2 phantoms
  A bullfrog (D:5)
  4 scorpions
  5 wights
  A hound (D:5)
  Crazy Yiuf (D:3)
  A gnoll bouda (D:4)
  Terence (D:3)
  4 iguanas
  3 orc wizards
  7 gnolls
  8 adders
  2 shadow imps (D:6)
  An ufetubus (D:5)
  2 worms
  3 dart slugs
  9 orcs
  10 ball pythons
  11 endoplasms
  5 giant cockroaches
  8 goblins
  5 hobgoblins
  5 quokkas
  6 bats
  2 frilled lizards
  11 kobolds
  5 rats (D:1)
133 creatures vanquished.

Notes
Turn   | Place    | Note
-------+----------+-------------------------------------------
     0 | D:1      | booth the Draconian Reaver began the quest for the Orb.
     0 | D:1      | Reached XP level 1. HP: 17/17 MP: 3/3
    45 | D:1      | Reached XP level 2. HP: 9/23 MP: 3/5
   497 | D:1      | Reached XP level 3. HP: 30/30 MP: 6/6
   511 | D:1      | Learned a level 2 spell: Momentum Strike
   515 | D:1      | Learned a level 3 spell: Hailstorm
   666 | D:2      | Found a snail-covered altar of Cheibriados.
   769 | D:2      | Found Wahib's Weapon Shop.
   787 | D:2      | Bought 4 poisoned darts for 26 gold pieces
   948 | D:2      | Reached XP level 4. HP: 32/37 MP: 7/7
  1015 | D:2      | Found Ziaduf's Assorted Antiques.
  1151 | D:2      | Found Bicvyr's Jewellery Shop.
  1256 | D:2      | Reached skill level 4 in Axes
  1435 | D:3      | Noticed Grinder
  1435 | D:3      | Paralysed by Grinder for 5 turns
  1453 | D:3      | Paralysed by Grinder for 2 turns
  1474 | D:3      | Killed Grinder
  1475 | D:3      | Reached XP level 5. HP: 26/45 MP: 7/9
  1475 | D:3      | Reached XP level 6. HP: 30/51 MP: 7/10
  1676 | D:3      | Found a runed translucent door.
  1677 | D:3      | Noticed Crazy Yiuf
  1688 | D:3      | Killed Crazy Yiuf
  1836 | D:3      | Noticed Terence
  1848 | D:3      | Killed Terence
  2063 | D:3      | You fall into a shaft and drop 1 floor!
  2424 | D:3      | Identified the +7 sling "Qadi Mis" {freeze, Drain rF+ rN+
                  | SInv}
  2767 | D:4      | Reached skill level 5 in Axes
  2951 | D:4      | Your scales start taking on a lurid green colour.
  2951 | D:4      | Reached XP level 7. HP: 58/58 MP: 11/11
  2951 | D:4      | Gained mutation: Your system is resistant to poisons.
                  | (rPois) [Green Draconian growth]
  3050 | D:4      | Reached skill level 1 in Necromancy
  3050 | D:4      | Reached skill level 1 in Translocations
  3050 | D:4      | Reached skill level 1 in Ice Magic
  3105 | D:4      | Found a runed translucent door.
  3122 | D:4      | Learned a level 1 spell: Beastly Appendage
  3138 | D:4      | Noticed foxicus's ghost (amateur HOFi)
  3277 | D:4      | Found a staircase to the Ecumenical Temple.
  3293 | Temple   | Entered the Ecumenical Temple
  4094 | D:4      | Identified a scroll of acquirement
  4094 | D:4      | Acquired the scarf of the Harp {shadows, rN+ Will+}
  4146 | D:5      | Entered Level 5 of the Dungeon
  4160 | D:5      | Reached skill level 1 in Transmutations
  4160 | D:5      | Reached XP level 8. HP: 44/64 MP: 13/13
  4552 | D:5      | Reached skill level 6 in Axes
  4552 | D:5      | Reached skill level 1 in Poison Magic
  4809 | D:2      | Bought a scroll of identify for 56 gold pieces
  4809 | D:2      | Bought a scratched diamond ring for 140 gold pieces
  5142 | D:5      | Reached skill level 5 in Conjurations
  5363 | D:5      | Reached skill level 5 in Fighting
  5854 | D:2      | Bought a scroll labelled JUUSIO DYCKU for 28 gold pieces
  6117 | D:6      | Reached XP level 9. HP: 74/74 MP: 15/15
  6144 | D:6      | Reached skill level 7 in Axes
  6187 | D:6      | HP: 3/74 [acid dragon/splash of acid (22)]
  6574 | D:6      | Mangled by a wight

Illustrated notes

Levels and vault maps discovered:
D:1:      matt_arrival_grand_opening, layout_rooms
D:2:      layout_rooms, basic_altar, serial_shops,
          nicolae_shop_just_a_little_nook, shop_statue, nicolae_shop_stone,
          corexii_corridor_pit, minmay_ruptured
D:3:      layout_loops_ring, kennysheep_generic_room_5, uniq_crazy_yiuf_cottage,
          uniq_grinder, uniq_terence
D:4:      layout_loops_corners, minmay_temple_entry_waves,
          ebering_ghost_sewer_d, minivault_26
D:5:      kb_forest_paths, layout_basic
D:6:      layout_basic, mainiacjoe_overflow_brackets,
          hellmonk_bongcloud_opening, minmay_circle_x, uniq_maggie
Temple:   nicolae_temple_bog_church

Skill      XL: |  1  2  3  4  5  6  7  8  9 |
---------------+----------------------------+-----
Dodging        | 2 3 |  3.5
Axes           | 4 5 6 7 |  7.1
Fighting       | 3 4 5 |  5.2
Spellcasting   | 3 4 |  4.4
Conjurations   | 4 5 |  5.3
Necromancy     | 1 |  1.8
Translocations | 1 |  1.8
Ice Magic      | 1 3 |  3.4
Transmutations | 1 |  1.0
Poison Magic   | 2 3 |  3.1

Action                     |  1- 3 |  4- 6 |  7- 9 || total
---------------------------+-------+-------+-------++-------
  Melee: Hand axe          |    30 |       |    84 ||   114
         Tailslap          |    12 |    21 |    63 ||    96
         Whip              |    56 |   124 |   249 ||   429
         Punch             |       |     2 |     4 ||     6
  Throw: Dart              |     3 |     7 |     9 ||    19
         Boomerang         |       |       |     1 ||     1
   Cast: Kiss of Death     |     1 |       |       ||     1
    Use: Scroll            |     4 |     4 |     4 ||    12
         Potion            |       |     3 |     4 ||     7
   Stab: Sleeping          |     1 |     1 |       ||     2
 Armour: Skin              |    24 |    19 |    70 ||   113
  Dodge: Dodged            |    51 |    92 |   304 ||   447
